 Dungeon Crawl Stone Soup version 0.19-a0-1837-gdfe47cf (webtiles) character file.

23847 JeffiDaFish the Covert (level 12, -3/94 HPs)
             Began as a Vampire Enchanter on Oct 9, 2016.
             Was a High Priest of Dithmenos.
             Slain by a catoblepas (18 damage)
             ... on level 4 of the Lair of Beasts.
             The game lasted 01:31:21 (18889 turns).

JeffiDaFish the Covert (Vampire Enchanter)         Turns: 18889, Time: 01:31:22

Health: -3/94      AC:  7    Str: 14    XL:     12   Next: 75%
Magic:  14/21      EV:  2    Int: 23    God:    Dithmenos [*****.]
Gold:   653        SH:  0    Dex: 14    Spells: 5 memorised, 14 levels left

rFire  . . .     SeeInvis +     z - +2 quick blade
rCold  . . .     Gourm    .     b - +2 robe
rNeg   + + +     Faith    .     (no shield)
rPois  .         Spirit   .     (no helmet)
rElec  .         Dismiss  .     (no cloak)
rCorr  .         Reflect  .     o - +2 pair of gloves {Str+3}
MR     +....     Harm     .     (no boots)
Stlth  ++++++++..               k - amulet of magic regeneration
                                l - +6 ring of evasion
                                x - +4 ring of intelligence

@: petrified, wreathed by umbra
A: fangs 3, see invisible, unbreathing
a: Bat Form, Shadow Step, Shadow Form, Renounce Religion


You were on level 4 of the Lair of Beasts.
You worshipped Dithmenos.
Dithmenos was extremely pleased with you.
You were not thirsty.

You visited 3 branches of the dungeon, and saw 16 of its levels.
You also visited: Ossuary.

You collected 738 gold pieces.
You spent 85 gold pieces at shops.

Inventory:

Hand Weapons
 a - a +3 dagger
 z - a +2 quick blade (weapon)
Armour
 b - a +2 robe (worn)
 o - a +2 pair of gloves of strength (worn)
Jewellery
 g - an uncursed ring of magical power
 i - an uncursed ring of magical power
 k - an amulet of magic regeneration (around neck)
 l - a +6 ring of evasion (right hand)
 p - an uncursed ring of flight
 x - a +4 ring of intelligence (left hand)
 G - an uncursed ring of positive energy
 J - an uncursed amulet of dismissal
Wands
 y - a wand of paralysis (17/24)
 B - a wand of lightning (8/15)
 C - a wand of iceblast (2/15)
 D - a wand of iceblast (9/15)
 F - a wand of disintegration (20/24)
 H - a wand of slowing (18/48)
 I - a wand of lightning (10/15)
Scrolls
 e - 2 scrolls of recharging
 h - 10 scrolls of identify
 m - 5 scrolls of amnesia
 s - a scroll of magic mapping
 t - 4 scrolls of remove curse
 v - a scroll of fog
Potions
 d - 32 potions of blood
 f - 4 potions of agility
 j - 4 potions of haste
 n - a potion of brilliance
 q - 2 potions of curing
 u - a potion of berserk rage
 w - a potion of flight
 A - a potion of ambrosia
 E - a potion of resistance
Books
 c - a book of Maledictions

   Spells                             Type                      Level
   a - Corona                         Hexes                        1
   b - Ensorcelled Hibernation        Hexes/Ice                    2
   c - Confuse                        Hexes                        3
   d - Tukima's Dance                 Hexes                        3
   e - Dazzling Spray                 Conjuration/Hexes            3
 r - a book of Flames

   Spells                             Type                      Level
   a - Flame Tongue                   Conjuration/Fire             1
   b - Throw Flame                    Conjuration/Fire             2
   c - Conjure Flame                  Conjuration/Fire             3
   d - Inner Flame                    Hexes/Fire                   3
   e - Sticky Flame                   Conjuration/Fire             4
   f - Fireball                       Conjuration/Fire             5
   Dithmenos disapproves of the use of such an item.


   Skills:
 * Level 8.7 Fighting
 + Level 8.0 Short Blades
 + Level 8.2 Dodging
 + Level 12.4 Stealth
 + Level 6.5 Spellcasting
 + Level 11.1 Hexes
 * Level 7.7 Fire Magic
 + Level 6.3 Ice Magic


You had 14 spell levels left.
You knew the following spells:

 Your Spells              Type           Power        Failure   Level  Hunger
a - Corona                Hex            ######.      1%          1    None
b - Ensorcelled Hibernat  Hex/Ice        #####.       1%          2    None
c - Confuse               Hex            ######..     1%          3    None
d - Dazzling Spray        Conj/Hex       ####..       2%          3    None
e - Flame Tongue          Conj/Fire      ####.        1%          1    None


Dungeon Overview and Level Annotations

Branches:
Dungeon (11/15)            Temple (1/1) D:4            Lair (4/6) D:11
  Swamp (0/4) Lair:2        Snake (0/4) Lair:3          Orc (0/2) D:11

Altars:
Ashenzari
Dithmenos
Elyvilon
Fedhas
Gozag
Hepliaklqana
Kikubaaqudgha
Nemelex Xobeh
Okawaru
Qazlal
Ru
Sif Muna
Trog
Uskayaw
Vehumet
Xom
Yredelemnul
Zin
The Shining One

Shops:
D:4 [


Innate Abilities, Weirdness & Mutations

You have razor-sharp teeth.
You have supernaturally acute eyesight. (SInv)
You can survive without breathing.


Message History

The komodo dragon is moving more slowly.
You have turned to stone.
The catoblepas gores you but does no damage.
The catoblepas gores you!! The komodo dragon bites you!!
The catoblepas gores you! The komodo dragon bites you!
The catoblepas breathes a plume of calcifying dust at you.
The blast of calcifying dust hits you!
You are engulfed in calcifying dust.
The komodo dragon stops moving altogether!
The catoblepas gores you!!
* * * LOW HITPOINT WARNING * * *
You are engulfed in calcifying dust.
The catoblepas gores you!
* * * LOW HITPOINT WARNING * * *
You are engulfed in calcifying dust.
The catoblepas breathes a plume of calcifying dust at you.
The blast of calcifying dust hits you!
* * * LOW HITPOINT WARNING * * *
You are engulfed in calcifying dust.
The catoblepas gores you!!!
You die...

...%%.. .....P. ..
........ ## ...
#......##.##(.. #....
#%....#....≈
......#.........≈≈≈≈≈≈
.......#...#....≈≈≈≈≈≈
#.....##.lY....≈≈≈≈≈≈≈
#.....#...@...≈≈≈≈≈≈≈≈
...P.........≈≈≈≈≈≈≈≈
.P#........)≈≈≈≈≈≈≈≈
#PP...§....≈≈≈≈≈≈≈
###...§....≈≈≈≈≈≈≈.#
#..).......≈≈≈≈≈≈.##
#.........###≈≈≈≈≈..
###.........## ≈≈≈≈≈≈
###............###...≈≈


You could see a catoblepas and a komodo dragon (petrified).

Vanquished Creatures
  The ghost of Fraydo the Fencer, a journeyman MiFi of Okawaru (Lair:2)
  2 hydras
  Urug (D:11)
  Sonja (Lair:2)
  An unseen horror (D:11)
  A hill giant (D:11)
  An ugly thing (D:11)
  A black mamba (Lair:1)
  Maurice (D:9)
  6 spiny frogs
  2 komodo dragons
  The ghost of Drazool the Conjurer, a novice DECj of Ashenzari (D:5)
  A two-headed ogre (D:11)
  Prince Ribbit (Lair:2)
  A merfolk (D:10)
  A polar bear (Lair:3)
  12 blink frogs
  3 hippogriffs
  A wraith (Ossuary)
  Sigmund (D:4)
  Eustachio (D:6)
  18 yaks
  A hungry ghost (D:10)
  A steam dragon (Lair:3)
  3 swamp worms (Lair:2)
  2 nagas (Lair:3)
  6 water moccasins
  Duvessa (D:4)
  7 porcupines
  2 black bears
  6 orc warriors
  A necrophage (D:5)
  2 ice beasts
  10 ogres
  A phantom (D:9)
  2 sky beasts
  6 wolves (Lair:1)
  12 centaurs
  4 crocodiles
  2 big kobolds (D:7)
  9 bullfrogs
  A water moccasin zombie (D:8)
  Dowan (D:4)
  A scorpion (D:6)
  3 wights (D:11)
  7 killer bees (D:9)
  6 howler monkeys
  An electric eel (Lair:2)
  6 crimson imps
  A bullfrog zombie (D:7)
  2 centaur zombies
  A bullfrog skeleton (D:8)
  6 hounds
  4 orc priests
  A quasit (D:9)
  3 gnoll shamans
  5 jellies
  13 orc wizards
  2 centaur skeletons
  4 iguanas
  7 worker ants
  2 hound skeletons
  A mummy (Ossuary)
  2 howler monkey zombies
  21 gnolls
  2 worker ant zombies
  2 howler monkey skeletons
  14 adders
  2 river rats (D:11)
  A worm zombie (D:7)
  2 adder zombies
  4 worms
  3 dart slugs (D:1)
  8 leopard geckos
  24 orcs
  3 giant cockroaches
  5 goblins
  14 hobgoblins
  4 jackals (D:10)
  6 kobolds
  4 quokkas
  17 bats
  8 frilled lizards
  6 gnoll skeletons (Ossuary)
  8 kobold skeletons (Ossuary)
  3 leopard gecko zombies
  11 orc skeletons (Ossuary)
  A quokka zombie (D:5)
  17 rats
  A fungus (Lair:3)
408 creatures vanquished.

Vanquished Creatures (others)
  A human (D:4)
  8 fungi
  5 plants
14 creatures vanquished.

Grand Total: 422 creatures vanquished

Notes
Turn   | Place    | Note
-------+----------+-------------------------------------------
     0 | D:1      | JeffiDaFish the Vampire Enchanter began the quest for the Orb.
     0 | D:1      | Reached XP level 1. HP: 13/13 MP: 3/3
   152 | D:1      | Reached XP level 2. HP: 19/19 MP: 5/5
   159 | D:1      | Learned a level 2 spell: Ensorcelled Hibernation
   317 | D:1      | Reached skill level 5 in Stealth
   322 | D:1      | Reached skill level 5 in Hexes
   517 | D:1      | Reached XP level 3. HP: 21/24 MP: 6/6
  1175 | D:2      | Reached XP level 4. HP: 30/30 MP: 7/7
  1204 | D:2      | Reached skill level 6 in Stealth
  1688 | D:3      | Learned a level 3 spell: Confuse
  1727 | D:3      | Reached XP level 5. HP: 31/35 MP: 8/8
  2710 | D:3      | Reached skill level 7 in Stealth
  2926 | D:3      | Noticed an ogre
  2936 | D:3      | Killed an ogre
  2936 | D:3      | Reached skill level 1 in Ice Magic
  2936 | D:3      | Reached XP level 6. HP: 9/42 MP: 10/10
  4187 | D:4      | Reached skill level 1 in Fighting
  4450 | D:4      | Noticed Sigmund
  4459 | D:4      | Killed Sigmund
  4478 | D:4      | Found Gailed's Antique Armour Boutique.
  4486 | D:4      | Bought a pair of runed gloves for 85 gold pieces
  4499 | D:4      | Learned a level 3 spell: Dazzling Spray
  4524 | D:4      | Found a stormy altar of Qazlal.
  4525 | D:4      | Found a glowing silver altar of Zin.
  4527 | D:4      | Found a shimmering altar of Xom.
  4529 | D:4      | Found a sparkling altar of Nemelex Xobeh.
  4529 | D:4      | Found a shattered altar of Ashenzari.
  4546 | D:4      | Reached XP level 7. HP: 38/48 MP: 11/11
  4714 | D:4      | Noticed Duvessa
  4714 | D:4      | Noticed Dowan
  4744 | D:4      | Killed Duvessa
  4744 | D:4      | Reached skill level 8 in Stealth
  4755 | D:4      | Killed Dowan
  4899 | D:4      | Found an opulent altar of Gozag.
  5002 | D:4      | Learned a level 1 spell: Flame Tongue
  5053 | D:4      | Found a staircase to the Ecumenical Temple.
  5067 | Temple   | Entered the Ecumenical Temple
  5089 | Temple   | Became a worshipper of Dithmenos the Shadowed
  5118 | D:4      | Found an ancient bone altar of Kikubaaqudgha.
  5119 | D:4      | Noticed a human
  5121 | D:4      | Killed a human
  5235 | D:4      | Found a hazy altar of Hepliaklqana.
  5282 | D:5      | Entered Level 5 of the Dungeon
  5366 | D:5      | Gained mutation: You have a pair of small antennae on your head. [potion of beneficial mutation]
  5468 | D:5      | Reached skill level 1 in Fire Magic
  5831 | D:5      | Found a bloodstained altar of Trog.
  5860 | D:5      | Reached XP level 8. HP: 57/57 MP: 13/13
  6230 | D:5      | Noticed Drazool's ghost (novice DECj)
  6272 | D:5      | Killed Drazool's ghost
  7059 | D:6      | Noticed Eustachio
  7076 | D:6      | Killed Eustachio
  7341 | D:6      | Reached skill level 9 in Stealth
  7347 | D:6      | Found a radiant altar of Vehumet.
  7368 | D:6      | Reached XP level 9. HP: 43/65 MP: 15/15
  7374 | D:6      | Found an ancient bone altar of Kikubaaqudgha.
  7501 | D:6      | Found a deep blue altar of Sif Muna.
  7504 | D:6      | Reached * piety under Dithmenos
  7561 | D:6      | Found a blossoming altar of Fedhas.
  8201 | D:7      | Found a sand-covered staircase.
  8211 | Ossuary  | Entered an ossuary
  8318 | Ossuary  | Gained mutation: You occasionally shout uncontrollably at your foes. [potion of mutation]
  8318 | Ossuary  | Gained mutation: You are clumsy. (Dex -2) [potion of mutation]
  8700 | Ossuary  | Reached ** piety under Dithmenos
  9083 | D:7      | Reached skill level 5 in Dodging
  9137 | D:7      | Reached skill level 5 in Short Blades
  9374 | D:7      | Reached skill level 5 in Fighting
  9919 | D:8      | Reached XP level 10. HP: 24/74 MP: 10/17
 10514 | D:8      | Reached *** piety under Dithmenos
 10514 | D:8      | Reached skill level 10 in Stealth
 11053 | D:9      | Found an iron altar of Okawaru.
 11134 | D:9      | Noticed Maurice
 11203 | D:9      | Killed Maurice
 11203 | D:9      | Reached skill level 5 in Spellcasting
 12339 | D:9      | Reached skill level 5 in Fire Magic
 12458 | D:10     | Entered Level 10 of the Dungeon
 12525 | D:9      | Reached **** piety under Dithmenos
 13473 | D:10     | Reached XP level 11. HP: 83/83 MP: 15/18
 13494 | D:10     | Reached skill level 11 in Stealth
 13783 | D:11     | Found a staircase to the Orcish Mines.
 13909 | D:11     | Noticed a red ugly thing
 13928 | D:11     | Killed a red ugly thing
 13938 | D:11     | Noticed Urug
 13950 | D:11     | Noticed an unseen horror
 13951 | D:11     | HP: 1/83 [Urug/great sword of freezing (6)]
 13954 | D:11     | Killed Urug
 13979 | D:11     | Killed an unseen horror
 13979 | D:11     | Reached skill level 5 in Ice Magic
 14477 | D:11     | Found a staircase to the Lair.
 14680 | D:11     | Reached ***** piety under Dithmenos
 14714 | D:11     | Found a sacrificial altar of Ru.
 14914 | D:11     | Noticed a hill giant
 14985 | D:11     | Killed a hill giant
 15261 | Lair:1   | Entered Level 1 of the Lair of Beasts
 15364 | Lair:1   | Lost mutation: You are clumsy. (Dex -2) [potion of cure mutation]
 15364 | Lair:1   | Lost mutation: You occasionally shout uncontrollably at your foes. [potion of cure mutation]
 15364 | Lair:1   | Lost mutation: You have a pair of small antennae on your head. [potion of cure mutation]
 15377 | Lair:1   | Reached skill level 10 in Hexes
 15622 | Lair:1   | Noticed an eight-headed hydra
 15627 | Lair:1   | Killed an eight-headed hydra
 16167 | Lair:2   | Noticed Sonja
 16171 | Lair:2   | Killed Sonja
 16458 | Lair:2   | Noticed Prince Ribbit
 16464 | Lair:2   | Killed Prince Ribbit
 16464 | Lair:2   | Reached XP level 12. HP: 91/91 MP: 18/21
 16807 | Lair:2   | Noticed Fraydo's ghost (journeyman MiFi)
 16833 | Lair:2   | Killed Fraydo's ghost
 16833 | Lair:2   | Reached skill level 12 in Stealth
 17275 | Lair:2   | Found a staircase to the Swamp.
 17739 | Lair:3   | Found a staircase to the Snake Pit.
 17764 | Lair:3   | Identified a scroll of acquirement
 17988 | Lair:3   | Noticed a six-headed hydra
 18112 | Lair:3   | Killed a six-headed hydra
 18867 | Lair:4   | Noticed a catoblepas
 18889 | Lair:4   | Slain by a catoblepas

Vault maps used:
D:1:      ncdulo_watergridlock, minmay_box_of_dots
D:3:      corexii_shack_village, first_bread
D:4:      grunt_temple_overflow_open, lemuel_coloured_pillars_altar,
          nicolae_gozag_seed_capital, serial_shops, shop_fountains,
          tgw_kikubaaqudgha, uniq_duvessa, uniq_sigmund
D:5:      nicolae_overflow_crystal_walls, minmay_crystal_water,
          kennysheep_pointless_box
D:6:      palyth_temple_overflow_mages, fedhas_altar_4, uniq_eustachio
D:7:      kennysheep_seaside_town, enter_ossuary_3
D:9:      okawaru_gym_becter, uniq_maurice
D:10:     hangedman_fish_farm
D:11:     grunt_lair_entry_orc_guard_hut, orc_0_dummy,
          nicolae_ru_sacrificial_ziggurat, uniq_urug
Temple:   chequers_temple_sunken
Lair:1:   grunt_megastairs_1, serial_bayou_shore_b
Lair:2:   nicolae_swamp_entry_splash_gauntlet, serial_bayou_pond_e, uniq_sonja,
          uniq_prince_ribbit2
Lair:3:   guppyfry_snake_entry_island, roderic_lost_polar_bear
Lair:4:   pond_and_an_island_with_a_cottage, pf_torpor_hydra,
          lemuel_fruit_fields
Ossuary:  ossuary_due_mausoleum

Skill      XL: |  1  2  3  4  5  6  7  8  9 10 11 12 |
---------------+-------------------------------------+-----
Stealth        | 5 6 7 8 9 10 11 12 | 12.4
Hexes          | 5 6 7 8 9 10 11 | 11.1
Short Blades   | 2 3 4 5 6 7 8 |  8.0
Dodging        | 3 4 5 6 7 8 |  8.2
Ice Magic      | 1 2 3 4 5 6 |  6.3
Fighting       | 1 2 3 5 6 7 8 |  8.7
Spellcasting   | 3 4 5 6 |  6.5
Fire Magic     | 1 2 4 5 6 7 |  7.7

Action                   |  1- 3 |  4- 6 |  7- 9 | 10-12 || total
-------------------------+-------+-------+-------+-------++-------
Melee: Dagger            |    76 |   196 |   591 |   663 ||  1526
       Bite              |     5 |    17 |    66 |    59 ||   147
       Quick blade       |       |       |       |    90 ||    90
 Cast: Ensorcelled Hiber |    11 |    20 |    32 |   133 ||   196
       Confuse           |       |    10 |    33 |    63 ||   106
       Dazzling Spray    |       |       |     5 |    16 ||    21
       Flame Tongue      |       |       |     1 |     1 ||     2
       Corona            |       |       |     1 |       ||     1
  Use: Scroll            |     6 |     3 |     6 |    10 ||    25
       Potion            |     3 |    18 |    24 |    32 ||    77
 Stab: Sleeping          |    16 |    22 |    27 |   104 ||   169
       Confused          |       |     2 |    20 |    48 ||    70
       Distracted        |       |     1 |     1 |       ||     2
       Invisible         |       |       |     1 |     6 ||     7
Armor: Robe              |    16 |    34 |    53 |    44 ||   147
Dodge: Dodged            |    38 |   126 |   376 |   598 ||  1138
